 Dungeon Crawl Stone Soup version 0.30-a0-371-gad7725a93e (webtiles) character file.

Game seed: 3773077488288794216

2156 funkygono the Magician (level 9, 0/65 HPs)
             Began as a Demonspawn Fire Elementalist on Nov 22, 2022.
             Slain by a killer bee (2 damage)
             ... on level 6 of the Dungeon.
             The game lasted 00:13:33 (9171 turns).

funkygono the Magician (DsFE)                       Turns: 9171, Time: 00:13:33

Health: 0/65       AC: 19    Str:  9    XL:     9   Next: 10%
Magic:  2/19       EV: 12    Int: 20    God:
Gold:   477        SH:  0    Dex: 14    Spells: 12/22 levels left

rFire   . . .      SeeInvis .    d - +1 flail (protect)
rCold   . . .      Faith    .    (no shield)
rNeg    . . .      Spirit   .    N - +0 steam dragon scales
rPois   .          Reflect  .    e - +0 helmet
rElec   .          Harm     .    v - +1 cloak
rCorr   .          Rampage  .    B - +0 pair of gloves
Will    .....                    (boots unavailable)
Stlth   ++........               (no amulet)
HPRegen 0.30/turn                p - ring of flight
MPRegen 0.16/turn                C - ring of wizardry

@: lethally poisoned (0 -> -3), under a protective aura, flying
A: hooves 3, thin metallic scales 2
a: no special abilities


You were on level 6 of the Dungeon.
You visited 2 branches of the dungeon, and saw 8 of its levels.

You collected 477 gold pieces.

Inventory:

Hand Weapons
 b - a +2 quarterstaff of chaos
 c - a +0 club
 d - a +1 flail of protection (weapon)
 D - a +0 flail
 F - a +2 whip of draining
Missiles
 y - a throwing net
Armour
 a - a +0 robe
 e - a +0 helmet (worn)
 g - a +2 robe of positive energy
 l - a +2 leather armour of poison resistance
 m - a +0 pair of boots
 v - a +1 cloak (worn)
 A - a +0 crystal plate armour
 B - a +0 pair of gloves (worn)
 K - a +1 robe of willpower
 N - +0 steam dragon scales (worn)
Magical Staves
 o - a staff of conjuration
Jewellery
 h - a ring of ice
 p - a ring of flight (left hand)
 w - a ring of resist corrosion
 C - a ring of wizardry (right hand)
 J - a +4 ring of evasion
 L - a +6 ring of strength
 O - an amulet of guardian spirit
Wands
 j - a wand of digging (4)
 s - a wand of flame (28)
 t - a wand of paralysis (17)
 M - a wand of iceblast (9)
Scrolls
 f - a scroll of teleportation
 q - a scroll of magic mapping
 r - a scroll of blinking
 E - a scroll of poison
 H - a scroll of amnesia
Potions
 i - 3 potions of flight
 k - a potion of cancellation
 n - 2 potions of heal wounds
 u - 6 potions of curing
 x - a potion of lignification
 z - a potion of brilliance
 G - a potion of ambrosia {unknown}
 I - a potion of haste


   Skills:
 * Level 3.7 Fighting
 + Level 0.2 Maces & Flails
 + Level 2.0 Dodging
 - Level 1.7 Stealth
 * Level 7.1 Spellcasting
 * Level 4.7 Conjurations
 * Level 6.8 Fire Magic


You had 12 spell levels left.
You knew the following spells:

 Your Spells              Type           Power      Damage    Failure   Level
a - Foxfire               Conj/Fire      100%       2x1d9     1%          1
b - Scorch                Fire           68%        2d8       1%          2
c - Kindle Blastsparks    Fire/Tloc/Air  32%        2d12      4%          3
d - Flame Wave            Conj/Fire      30%        2d9       3%          4

Your spell library contained the following spells:

 Spells                   Type           Power      Damage    Failure   Level
 Inner Flame              Hex/Fire       20%        N/A       2%          3


Dungeon Overview and Level Annotations

Branches:
Dungeon (7/15)             Temple (1/1) D:7

Altars:
Ashenzari
Cheibriados
Fedhas
Hepliaklqana
Kikubaaqudgha
Makhleb
Nemelex Xobeh
Qazlal
Sif Muna
Trog
Xom
Yredelemnul

Shops:
D:1 [   D:7 =

Annotations:
D:4 1 runed translucent door, DEFE's ghost, amateur DsBr


Innate Abilities, Weirdness & Mutations

You have hooves in place of feet.
You are mostly covered in thin metallic scales. (AC +3)


Message History

You feel much better. The killer bee stings you.
The killer bee stings you but does no damage.
The killer bee closely misses you. The killer bee stings you.
Casting: Scorch (safe; 1% risk of failure)
Confirm with . or Enter, or press ? or * to list all spells.
Flames lash the killer bee.
The killer bee is lightly wounded.
The killer bee's fire resistance burns away.
The killer bee stings you. The killer bee closely misses you.
The killer bee stings you but does no damage.
The killer bee stings you.
* * * LOW HITPOINT WARNING * * *
Unknown command.
The killer bee barely misses you. x2; The killer bee misses you.
The killer bee stings you.
* * * LOW HITPOINT WARNING * * *
Unknown command.
You barely miss the killer bee. Your kick misses the killer bee.
The killer bee is lightly wounded.
The killer bee is no longer more vulnerable to fire.
The killer bee stings you.
* * * LOW HITPOINT WARNING * * *
The killer bee closely misses you. x2
The killer bee stings you but does no damage. x3
The killer bee attacks as you move away!
The killer bee barely misses you. The killer bee stings you.
* * * LOW HITPOINT WARNING * * *
You are lethally poisoned!
The killer bee poisons you!
You closely miss the killer bee. Your kick misses the killer bee.
The killer bee is lightly wounded.
* * * LOW HITPOINT WARNING * * *
You feel very sick.
The killer bee stings you but does no damage. x2
You thump the killer bee!
Your weapon exudes an aura of protection.
The killer bee is severely wounded.
* * * LOW HITPOINT WARNING * * *
You feel sick. The killer bee stings you.
You die...

######.#######...........#
...............###.#.#.#####
######.#######.###.#.......#
# #..........##.###.###.# #
#..####.#.###.# #.# #.# #
####..##...#.###.# #.# #.# #
#.....##.......#.# #.# #.# #
#.##..##...#.#.#.###.###.# #
#.##...+.....#@#.....#...#
###.######...###y#######.###
...............>y........#
###...........#..#########
########.#.##.#..#
....####.#.#..#..#
###........#.....#
......##...#..#.##
......##........#


You could see 2 killer bees.

Vanquished Creatures
  Eustachio (D:6)
  A steam dragon (D:7)
  A water moccasin (D:6)
  A sky beast (D:5)
  2 ogres (D:5)
  A black bear (D:5)
  2 centaurs (D:7)
  A phantom (D:7)
  Blork the orc (D:6)
  A howler monkey (D:6)
  A vampire bat (D:3)
  4 hounds
  4 orc priests
  4 gnoll boudas
  A jelly (D:4)
  Crazy Yiuf (D:2)
  Jessica (D:3)
  Natasha (thrice) (D:3)
  7 orc wizards
  5 adders
  19 gnolls
  3 white imps
  2 worms
  2 dart slugs
  30 orcs
  3 bats
  A bat skeleton (D:3)
  5 bat zombies (D:3)
  4 endoplasms
  A giant cockroach (D:3)
  4 hobgoblins
  3 jackals (D:3)
  6 kobolds
  7 quokkas
  5 ball pythons
  2 frilled lizards (D:2)
  6 goblins
  3 rats
149 creatures vanquished.

Vanquished Creatures (others)
  473 foxfires
473 creatures vanquished.

Grand Total: 622 creatures vanquished

Notes
Turn   | Place    | Note
-------+----------+-------------------------------------------
     0 | D:1      | funkygono the Demonspawn Fire Elementalist began the quest
                  | for the Orb.
     0 | D:1      | Reached XP level 1. HP: 13/13 MP: 3/3
   147 | D:1      | Found Lej Kalu's Antique Armour Shoppe.
   455 | D:1      | Gained mutation: You have large cloven feet. [demonic
                  | ancestry]
   455 | D:1      | Reached XP level 2. HP: 19/19 MP: 0/5
   458 | D:1      | Learned a level 2 spell: Scorch
  1180 | D:2      | Reached XP level 3. HP: 25/25 MP: 3/6
  1184 | D:2      | Learned a level 3 spell: Kindle Blastsparks
  1498 | D:2      | Identified the +8 spear of Jiokk {pain, rF+ Int-5 Stlth+}
  1638 | D:2      | Found a runed translucent door.
  1639 | D:2      | Noticed Crazy Yiuf
  1987 | D:2      | Killed Crazy Yiuf
  1988 | D:2      | Gained mutation: You are partially covered in thin metallic
                  | scales. (AC +2) [demonic ancestry]
  1988 | D:2      | Reached XP level 4. HP: 5/31 MP: 4/7
  2289 | D:3      | Found an ancient bone altar of Kikubaaqudgha.
  2310 | D:3      | Reached skill level 3 in Spellcasting
  2494 | D:3      | Noticed Natasha
  2500 | D:3      | Killed Natasha
  2501 | D:3      | Reached skill level 1 in Fighting
  2501 | D:3      | Reached XP level 5. HP: 37/37 MP: 0/9
  2894 | D:3      | Identified the +9 short sword "Appone" {antimagic, *Slow
                  | rF+ Int+4}
  3010 | D:3      | Noticed Natasha
  3015 | D:3      | Killed Natasha
  3126 | D:3      | Noticed Natasha
  3131 | D:3      | Killed Natasha
  3132 | D:3      | Gained mutation: You have hoof-like feet. [demonic
                  | ancestry]
  3132 | D:3      | Reached XP level 6. HP: 40/44 MP: 6/11
  3137 | D:3      | Noticed Jessica
  3139 | D:3      | Killed Jessica
  3787 | D:4      | Reached skill level 4 in Spellcasting
  4337 | D:4      | Reached XP level 7. HP: 24/50 MP: 1/13
  4619 | D:4      | Found a runed translucent door.
  4780 | D:4      | Found a hazy altar of Hepliaklqana.
  5322 | D:4      | Noticed DEFE's ghost (amateur DsBr)
  5443 | D:4      | Learned a level 4 spell: Flame Wave
  5460 | D:5      | Entered Level 5 of the Dungeon
  5649 | D:5      | Reached skill level 5 in Fire Magic
  5869 | D:5      | Reached skill level 5 in Spellcasting
  6008 | D:5      | Found a bloodstained altar of Trog.
  6063 | D:5      | Gained mutation: You are mostly covered in thin metallic
                  | scales. (AC +3) [demonic ancestry]
  6063 | D:5      | Reached XP level 8. HP: 57/57 MP: 3/16
  7019 | D:6      | Noticed Eustachio
  7035 | D:6      | Killed Eustachio
  7036 | D:6      | Reached skill level 6 in Spellcasting
  7520 | D:6      | Noticed Blork the orc
  7527 | D:6      | Killed Blork the orc
  8147 | D:7      | Found a staircase to the Ecumenical Temple.
  8156 | Temple   | Entered the Ecumenical Temple
  8813 | D:7      | Reached skill level 7 in Spellcasting
  8917 | D:7      | Gained mutation: You have hooves in place of feet. [demonic
                  | ancestry]
  8917 | D:7      | Reached XP level 9. HP: 65/65 MP: 11/19
  9119 | D:7      | Found Mehenlo's Jewellery Shoppe.
  9161 | D:7      | HP: 2/65 [killer bee (2)]
  9171 | D:6      | HP: 2/65 [poisoned by a killer bee]
  9171 | D:6      | Slain by a killer bee

Illustrated notes

Levels and vault maps discovered:
D:1:      co_arrival_square_in_a_square_in_a_square, layout_basic, serial_shops,
          shop
D:2:      layout_basic, uniq_crazy_yiuf_cottage
D:3:      layout_loops_ring, kennysheep_vampire_church, uniq_natasha,
          uniq_jessica
D:4:      layout_layer_cave, overflow_temple_1_default,
          ebering_ghost_reflecting_pool
D:5:      layout_basic, lemuel_coloured_pillars_altar,
          mainiacjoe_overflow_brackets
D:6:      layout_basic, lemuel_round_altar, minmay_misc_feat_rugged,
          uniq_blork_the_orc, uniq_eustachio
D:7:      layout_cave_pools, vehumet_statue, minmay_temple_entry_ruins,
          enter_bailey_8, nicolae_stop_n_shop_2
Temple:   chequers_temple_sunken

Skill      XL: |  1  2  3  4  5  6  7  8 |
---------------+-------------------------+-----
Fire Magic     | 3 4 5 6 |  6.8
Conjurations   | 2 3 4 |  4.7
Dodging        | 2 |  2.0
Spellcasting   | 3 4 5 7 |  7.1
Fighting       | 1 2 3 |  3.7
Maces & Flails | |  0.2
Stealth        | |  1.7

Action                   |  1- 3 |  4- 6 |  7- 9 || total
-------------------------+-------+-------+-------++-------
Melee: Unarmed           |     8 |       |       ||     8
       Staff             |       |    12 |     1 ||    13
       Flail             |       |       |     9 ||     9
 Cast: Foxfire           |    48 |    96 |   140 ||   284
       Scorch            |     6 |    23 |    49 ||    78
Evoke: Wand              |       |     1 |       ||     1
  Use: Potion            |     1 |       |     2 ||     3
       Scroll            |       |       |    18 ||    18
Armor: Robe              |     1 |    36 |     9 ||    46
       Steam dragon scal |       |       |    34 ||    34
Dodge: Dodged            |    14 |    54 |    64 ||   132

Table legend: (Time is in decaauts)
 A = Elapsed time spent in this place.
 B = Non-inter-level travel time spent in this place.
 C = Inter-level travel time spent in this place.
 D = Time resting spent in this place.
 E = Time spent auto-exploring this place.
 F = Levels seen in this place.
 G = Mean time per level.
                   A        B        C        D        E       F      G
               +--------+--------+--------+--------+--------+-----+--------+
         Total |   9175 |   8985 |    190 |    469 |   7441 |   8 | 1146.9 |
       Dungeon |   8630 |   8451 |    179 |    469 |   6933 |   7 | 1232.9 |
        Temple |    544 |    534 |     10 |      0 |    508 |   1 |  544.0 |
               +--------+--------+--------+--------+--------+-----+--------+

Top non-repeatable levels by time:
     D:3: 1735 daAuts
     D:4: 1691 daAuts
     D:5: 1393 daAuts
     D:2: 1138 daAuts
     D:6: 1057 daAuts
     D:1: 996 daAuts
     D:7: 617 daAuts
  Temple: 544 daAuts
